Map: White Rabbit LE

Players

Letranger

  • Race: Terran Terran
  • League: Grandmaster

llllllllllll - Winner!

  • Race: Protoss Protoss

VOD

Have the link to the VOD?

Description

Time

  • Played on: Dec. 5, 2025, 6:25 a.m.
  • Length: 7:29
Show
View Real Time Build Order
Export as new Build Order

Letranger Terran 

Build Orders: Reaper Expand 

Get SALT Encoding   

  12  0:00  SCV  
  13  0:12  SCV  
  14  0:16  Supply Depot  
  14  0:24  SCV  
  15  0:38  SCV  
  15  0:39  Barracks  
  16  0:42  Refinery  
  16  0:50  SCV  
  17  1:03  SCV  
  18  1:15  SCV  
  19  1:28  Reaper, Orbital Command  
  20  1:48  Command Center  
  20  1:55  SCV  
  20  1:57  Supply Depot  
  21  2:01  Marine  
  21  2:07  SCV  
  23  2:13  Factory  
  23  2:17  Refinery  
  23  2:19  SCV  
  24  2:23  Barracks Reactor  
  24  2:31  SCV  
  24  2:32  Bunker  
  25  2:43  SCV  
  26  2:56  SCV  
  27  3:00  Starport, Widow Mine  
  27  3:01  Orbital Command  
  29  3:06  Marine x2  
  29  3:09  SCV  
  32  3:21  SCV  
  32  3:25  Marine x2, Widow Mine  
  36  3:28  SCV  
  36  3:31  Barracks  
  37  3:36  SCV  
  37  3:38  Medivac  
  37  3:40  SCV  
  41  3:46  Engineering Bay  
  41  3:48  SCV, Factory Tech Lab  
  42  3:52  SCV  
  43  3:57  Marine x2, Supply Depot  
  45  4:04  SCV  
  45  4:05  Barracks  
  46  4:12  Factory Tech Lab  
  46  4:18  Refinery, SCV x2, Raven  
  50  4:24  Supply Depot  
  50  4:30  SCV x2  
  50  4:31  Marine x2  
  54  4:38  Stimpack  
  54  4:46  Marine, SCV x2, Terran Infantry Weapons Level 1  
  54  4:48  Supply Depot  
  54  4:49  Refinery, Marine x2  
  55  4:57  Factory Reactor  
  55  4:58  SCV  
  54  5:01  SCV  
  54  5:03  Marine x2  
  54  5:06  Combat Shield  
  54  5:07  Marine x2  
  57  5:10  SCV  
  57  5:12  Supply Depot  
  60  5:17  Medivac  
  62  5:32  Marine, Marauder  
  62  5:33  Marauder  
  68  5:35  SCV x2  
  68  5:37  Supply Depot  
  69  5:43  Command Center  
  69  5:47  SCV  
  69  5:48  SCV  
  71  5:54  Marauder x2  
  71  5:55  Medivac  
  77  5:58  Medivac  
  77  6:00  Supply Depot  
  77  6:03  Factory Reactor  
  79  6:06  SCV  
  79  6:07  SCV, Barracks  
  79  6:09  Barracks  
  81  6:18  Concussive Shells, SCV, Marine  
  81  6:19  Marine, SCV  
  81  6:22  Marauder x2  
  89  6:25  Supply Depot  
  89  6:28  Supply Depot  
  89  6:32  SCV, Medivac  
  90  6:33  Medivac  
  90  6:37  SCV  
  95  6:49  SCV  
  95  6:53  SCV, Marine  
  95  6:54  Marauder  
  91  6:55  Widow Mine x2  
  91  7:01  SCV  
  88  7:05  SCV  
  88  7:06  Barracks Tech Lab  
  88  7:07  Barracks Reactor  
  88  7:13  Ghost Academy, SCV  
Show
View Real Time Build Order
Export as new Build Order

llllllllllll Protoss - Winner!

Build Orders: 1 Gate Expand, Blink Stalkers, Zealot Archon 

Get SALT Encoding   

  12  0:00  Probe  
  13  0:12  Probe  
  14  0:18  Pylon  
  14  0:24  Probe  
  15  0:34  Probe  
  15  0:36  Gateway  
  16  0:43  Probe  
  16  0:48  Assimilator  
  17  0:52  Probe  
  19  1:04  Probe  
  19  1:16  Probe  
  20  1:23  Nexus  
  20  1:32  Cybernetics Core  
  20  1:36  Probe  
  21  1:45  Assimilator  
  21  1:48  Probe  
  21  1:51  Pylon  
  22  1:57  Stalker  
  22  2:00  Probe  
  23  2:09  Warp Gate  
  23  2:12  Probe  
  26  2:24  Probe  
  26  2:26  Adept  
  29  2:34  Probe  
  29  2:35  Twilight Council  
  29  2:36  Blink, Probe  
  31  2:42  Probe  
  31  2:48  Probe  
  31  2:50  Probe  
  34  3:00  Probe  
  34  3:02  Gateway, Probe  
  36  3:11  Shield Battery  
  36  3:13  Probe  
  37  3:21  Probe  
  37  3:25  Probe  
  39  3:29  Robotics Facility  
  39  3:34  Probe, Pylon  
  40  3:37  Probe  
  41  3:41  Pylon  
  41  3:46  Probe  
  42  3:49  Probe  
  43  3:57  Stalker x2  
  43  3:58  Probe  
  43  4:01  Probe  
  49  4:06  Pylon  
  49  4:08  Assimilator  
  49  4:10  Probe, Assimilator  
  49  4:13  Probe  
  49  4:15  Observer  
  52  4:20  Stalker x2  
  52  4:22  Probe  
  57  4:25  Probe  
  57  4:26  Pylon  
  57  4:30  Pylon  
  58  4:34  Probe  
  58  4:37  Immortal  
  63  4:45  Pylon  
  63  4:57  Gateway  
  63  4:58  Gateway  
  63  5:00  Templar Archives  
  63  5:04  Charge  
  63  5:08  Warp Prism  
  63  5:15  Gateway  
  63  5:16  Gateway  
  65  5:27  Gateway, Psionic Storm  
  65  5:29  Gateway  
  65  5:30  Observer  
  65  5:39  High Templar  
  67  5:47  High Templar  
  73  5:59  Zealot x2  
  73  6:04  Nexus  
  73  6:12  Forge  
  73  6:13  Zealot x2  
  73  6:14  Zealot  
  78  6:20  High Templar x2  
  78  6:24  Archon  
  82  6:28  Zealot x3  
  88  6:33  Pylon  
  88  6:37  High Templar  
  88  6:39  Zealot x2  
  80  7:05  Stalker x7  
  95  7:15  Probe  
Tags
 
Add a new tag
Caveats
  • Supply blocks, unpowered buildings, or Contaminate may cause inaccurate times.
  • Supply counts are checked every 10 seconds.